 Dungeon Crawl Stone Soup version 0.21-a0-157-gb89e0e2 (webtiles) character file.

584 Azzok the Skirmisher (level 7, -14/66 HPs)
             Began as a Centaur Fighter on Aug 3, 2017.
             Demolished by an ogre
             ... wielding a +0 giant club
              (19 damage)
             ... on level 4 of the Dungeon on Aug 4, 2017.
             The game lasted 00:06:38 (3730 turns).

Azzok the Skirmisher (Centaur Fighter)              Turns: 3730, Time: 00:06:39

Health: -14/66     AC:  8    Str: 18    XL:     7   Next: 14%
Magic:  7/7        EV:  5    Int:  7    God:
Gold:   179        SH:  9    Dex: 11    Spells: 6/6 levels left

rFire    . . .     SeeInvis .     - Unarmed
rCold    + . .     Gourm    .   b - +1 shield
rNeg     . . .     Faith    .   a - +0 scale mail
rPois    .         Spirit   .   (no helmet)
rElec    .         Reflect  .   u - +0 cloak
rCorr    .         Harm     .   l - +0 pair of gloves
MR       .....     Rnd*Tele +   (no barding)
Stlth    ..........             (no amulet)
HPRegen  0.21/turn              n - ring of protection from cold
MPRegen  0.10/turn              v - ring of teleportation (curse)

@: very quick
A: hooves 3, deformed body, speed 2, tough skin 3
a: no special abilities


You were on level 4 of the Dungeon.
You were not hungry.

You visited 2 branches of the dungeon, and saw 6 of its levels.

You collected 179 gold pieces.

Inventory:

Missiles
 i - 19 arrows
Armour
 a - a +0 scale mail (worn)
 b - a +1 shield (worn)
 l - a +0 pair of gloves (worn)
 u - a +0 cloak (worn)
Jewellery
 n - a ring of protection from cold (left hand)
 v - a cursed ring of teleportation (right hand)
Wands
 t - a wand of lightning (9/15)
 x - a wand of iceblast (7/15)
 A - a wand of disintegration (4/24)
Scrolls
 g - a scroll of identify
 m - 2 scrolls of teleportation
 w - 2 scrolls of amnesia
 y - a scroll of magic mapping
Potions
 c - 2 potions of heal wounds
 e - 3 potions of curing
 h - 3 potions of degeneration {unknown}
 j - 2 potions of flight {unknown}
 k - a potion of haste {unknown}
 o - a potion of agility {unknown}
 p - a potion of mutation {unknown}
Books
 s - a book of Changes

   Spells                             Type                      Level
   a - Beastly Appendage              Transmutation                1
   b - Sticks to Snakes               Transmutation                2
   c - Spider Form                    Transmutation/Poison         3
   d - Ice Form                       Ice/Transmutation            4
   e - Blade Hands                    Transmutation                5
Comestibles
 d - 6 bread rations
 f - a chunk of flesh
 q - 3 meat rations
 r - a royal jelly
 z - 3 fruits


   Skills:
 * Level 7.4 Fighting
 - Level 2.1 Armour
 - Level 2.1 Shields
 + Level 4.0 Unarmed Combat


You had 6 spell levels left.
You didn't know any spells.

Dungeon Overview and Level Annotations

Branches:
Dungeon (5/15)             Temple (1/1) D:4

Altars:
Ashenzari
Cheibriados
Dithmenos
Elyvilon
Fedhas
Gozag
Hepliaklqana
Kikubaaqudgha
Nemelex Xobeh
Qazlal
Ru
Sif Muna
Trog
Uskayaw
Wu Jian
Xom
Yredelemnul
The Shining One

Annotations:
D:4 Pikel


Innate Abilities, Weirdness & Mutations

You have hooves in place of feet.
Armour fits poorly on your strangely shaped body.
You cover ground very quickly.
You have extremely tough skin. (AC +3)


Message History

You hit Pikel but do no damage. Your kick misses Pikel.
Pikel is moderately wounded.
Pikel hits you with a whip of freezing.
You closely miss Pikel. You kick Pikel, but do no damage.
Pikel is moderately wounded.
Pikel hits you but does no damage. You block the ogre's attack.
Pikel barely misses you.
You hit Pikel but do no damage.
Pikel is moderately wounded.
Pikel hits you with a whip of freezing!
* * * LOW HITPOINT WARNING * * *
The ogre hits you with a giant club!
* * * LOW HITPOINT WARNING * * *
You punch Pikel!
Pikel is severely wounded.
Pikel hits you but does no damage.
You barely miss Pikel. You kick Pikel, but do no damage.
Pikel is severely wounded.
The ogre hits you with a giant club!!
You die...

▒▒▒ ▒<▒ ▒·▒▒▒ ▒···▒
▒▒▒·▒ ▒·▒ ▒·▒
▒▒▒▒▒▒▒▒▒▒▒▒▒▒▒▒▒▒p▒
···············O@Kp▒
▒▒▒▒▒▒▒·▒▒▒▒▒▒▒▒▒▒[▒
······▒·▒<·····▒ ▒·▒
······▒·▒▒▒▒▒▒·▒▒▒·▒
······▒········▒···▒
······▒▒▒▒▒▒▒▒▒▒·▒▒▒
·················▒
······▒▒▒▒▒▒▒▒▒▒▒▒
······▒


You could see Pikel, an ogre and 2 slaves.

Vanquished Creatures
  The ghost of Nico3ck the Shield-Bearer, a novice FoFi (D:3)
  Sigmund (D:2)
  Ijyb (D:4)
  A worker ant (D:4)
  4 adders
  A dart slug (D:3)
  3 worms
  2 leopard geckos
  11 bats
  A giant cockroach (D:1)
  9 hobgoblins
  A jackal (D:4)
  2 quokkas
  2 ball pythons
  5 frilled lizards
  7 goblins
  6 kobolds
  A quokka skeleton (D:4)
  4 rats
63 creatures vanquished.

Notes
Turn   | Place    | Note
-------+----------+-------------------------------------------
     0 | D:1      | Azzok the Centaur Fighter began the quest for the Orb.
     0 | D:1      | Reached XP level 1. HP: 19/19 MP: 1/1
   254 | D:1      | Reached XP level 2. HP: 21/26 MP: 2/2
   353 | D:1      | Upgraded the game from 0.21-a0-155-gb8a8bae to 0.21-a0-157-gb89e0e2
  1040 | D:2      | Reached XP level 3. HP: 31/31 MP: 3/3
  1375 | D:2      | Noticed Sigmund
  1381 | D:2      | Killed Sigmund
  1381 | D:2      | Reached skill level 5 in Fighting
  1381 | D:2      | Reached XP level 4. HP: 30/44 MP: 4/4
  1381 | D:2      | Reached XP level 5. HP: 35/50 MP: 5/5
  1998 | D:3      | Reached skill level 6 in Fighting
  2058 | D:3      | Found a bloodstained altar of Trog.
  2104 | D:3      | Found a shadowy altar of Dithmenos.
  2230 | D:3      | Noticed Nico3ck's ghost (novice FoFi)
  2243 | D:3      | Killed Nico3ck's ghost
  2243 | D:3      | Reached skill level 7 in Fighting
  2243 | D:3      | Reached XP level 6. HP: 19/60 MP: 6/6
  2552 | D:3      | Reached XP level 7. HP: 54/66 MP: 7/7
  2894 | D:4      | Found a staircase to the Ecumenical Temple.
  2900 | Temple   | Entered the Ecumenical Temple
  3235 | D:4      | Noticed Ijyb
  3248 | D:4      | Killed Ijyb
  3506 | D:5      | Entered Level 5 of the Dungeon
  3513 | D:5      | Noticed Pikel
  3730 | D:4      | Demolished by an ogre

Vault maps used:
D:1:      minmay_arrival_widening_spiral_wide
D:2:      minmay_door_path, hangedman_decor_points, uniq_sigmund
D:3:      lemuel_crystal_altar, lemuel_doored_altar, first_bread,
          kennysheep_generic_room_3
D:4:      minmay_temple_entry_butterflies, uniq_ijyb
D:5:      grunt_dithmenos_shadows, uniq_pikel
Temple:   eino_temple_scatter_basement

Skill      XL: |  1  2  3  4  5 |
---------------+----------------+-----
Fighting       | 5 7 |  7.4
Unarmed Combat | 4 |  4.0
Armour         | |  2.1
Shields        | |  2.1

Action                   |  1- 3 |  4- 6 |  7- 9 || total
-------------------------+-------+-------+-------++-------
Melee: Unarmed           |   111 |    56 |    80 ||   247
       Kick              |    19 |    17 |    21 ||    57
  Use: Scroll            |       |     6 |     3 ||     9
       Potion            |       |     1 |       ||     1
 Stab: Distracted        |       |     1 |       ||     1
  Eat: Chunk             |     1 |     3 |     3 ||     7
Armor: Scale mail        |    50 |    30 |    30 ||   110
Dodge: Dodged            |    20 |     9 |     8 ||    37
Block: Shield            |    46 |    19 |    26 ||    91
